 Dungeon Crawl Stone Soup version 0.19.3-4-gbf9329e (webtiles) character file.

112 sankara the Skirmisher (level 4, -9/42 HPs)
             Began as a Demigod Wanderer on Jan 27, 2017.
             Mangled by dscm's ghost (15 damage)
             ... on level 3 of the Dungeon.
             The game lasted 00:07:46 (2484 turns).

sankara the Skirmisher (Demigod Wanderer)           Turns: 2484, Time: 00:07:46

Health: -9/42      AC:  5    Str: 13    XL:     4   Next: 38%
Magic:  15/15      EV: 10    Int: 18    God:
Gold:   184        SH:  6    Dex: 17    Spells: 0 memorised, 3 levels left

rFire  . . .     SeeInvis .     a - +2 spear
rCold  . . .     Gourm    .     d - +0 robe
rNeg   . . .     Faith    .     o - +2 buckler
rPois  .         Spirit   .     (no helmet)
rElec  .         Reflect  .     C - +2 cloak
rCorr  .         Harm     .     (no gloves)
MR     .....                    (no boots)
Stlth  ++........               (no amulet)
                                m - ring of magical power
                                g - ring of flight

@: no status effects
A: high mp 1
a: Evoke Flight


You were on level 3 of the Dungeon.
You were hungry.

You visited 1 branch of the dungeon, and saw 3 of its levels.

You collected 184 gold pieces.

Inventory:

Hand Weapons
 a - a +2 spear (weapon)
 b - a +0 blowgun
Missiles
 y - 3 poisoned needles
Armour
 d - a +0 robe (worn)
 o - a +2 buckler (worn)
 C - a +2 cloak (worn)
Jewellery
 g - a ring of flight (left hand)
 m - a ring of magical power (right hand)
Scrolls
 i - a scroll of fear {unknown}
 j - a scroll of enchant weapon {unknown}
 k - 3 scrolls of identify {unknown}
 l - a scroll of noise {unknown}
 n - a scroll of random uselessness {unknown}
 p - a scroll of immolation {unknown}
 q - 2 scrolls of amnesia {unknown}
 r - a scroll of teleportation {unknown}
 u - a scroll of fog {unknown}
Potions
 c - a potion of lignification
 e - a potion of degeneration {unknown}
 h - a potion of cancellation {unknown}
 w - a potion of haste {unknown}
 x - a potion of curing {unknown}
Books
 t - a book of Maledictions

   Spells                             Type                      Level
   a - Corona                         Hexes                        1
   b - Ensorcelled Hibernation        Hexes/Ice                    2
   c - Confuse                        Hexes                        3
   d - Tukima's Dance                 Hexes                        3
   e - Dazzling Spray                 Conjuration/Hexes            3
 v - Sif Muna's Compendium of Venom

   Spells                             Type                      Level
   a - Sting                          Conjuration/Poison           1
   b - Ignite Poison                  Fire/Transmutation/Poison    3
Comestibles
 f - 3 bread rations
 s - 2 fruits
 z - a beef jerky
 A - a royal jelly


   Skills:
 + Level 5.0 Fighting
 - Level 1.0 Throwing
 - Level 1.7 Armour
 - Level 1.0 Stealth
   Level 1.0 Summonings
   Level 1.7 Transmutations


You had 3 spell levels left.
You didn't know any spells.

Dungeon Overview and Level Annotations

Branches:
Dungeon (3/15)

Annotations:
D:3 dscm's ghost, weakling MiFi


Innate Abilities, Weirdness & Mutations

You have an increased reservoir of magic. (+10% MP)


Message History

You hit dscm's ghost but do no damage. You block dscm's ghost's attack.
You hit dscm's ghost but do no damage. Dscm's ghost hits you!
You hit dscm's ghost but do no damage. You block dscm's ghost's attack.
You completely miss dscm's ghost.
Dscm's ghost hits you but does no damage.
You hit dscm's ghost but do no damage. Dscm's ghost barely misses you.
Dscm's ghost closely misses you.
You hit dscm's ghost but do no damage.
Dscm's ghost hits you but does no damage.
You barely miss dscm's ghost. Dscm's ghost barely misses you.
You closely miss dscm's ghost. Dscm's ghost hits you!
You hit dscm's ghost but do no damage.
Dscm's ghost wails, "I have seen your future, and it is all used up."
Dscm's ghost hits you.
You closely miss dscm's ghost. Dscm's ghost barely misses you.
You closely miss dscm's ghost. Dscm's ghost misses you.
You hit dscm's ghost but do no damage. Dscm's ghost hits you!
* * * LOW HITPOINT WARNING * * *
Dscm's ghost hits you!
You die...

#....#####...>....#
#......^# ...#
#.##.###.###.##..###
.. #.##.# #[....###.#
#.##.# #...### #.#
.#####.##.# #...# #.#
...........# ##.## #.#
###..#####.#
#.######.# #.# #.#
#........# #.# #@#
#.######## #(
##.######W####.#
###((##..............#
......(.(.......####.#
.###.##†..........W..#
........######.######
###.###.# #.# # #.#
#.# ..# #.#


You could see dscm's ghost.

Vanquished Creatures
  Jessica (D:2)
  An adder (D:3)
  An ooze (D:1)
  2 worms (D:2)
  A dart slug (D:1)
  A leopard gecko (D:3)
  4 orcs (D:3)
  9 bats
  A giant cockroach (D:1)
  7 goblins
  8 hobgoblins (D:1)
  11 kobolds
  2 quokkas
  4 frilled lizards
  8 rats
  A bush (D:3)
  A plant (D:3)
63 creatures vanquished.

Notes
Turn   | Place    | Note
-------+----------+-------------------------------------------
     0 | D:1      | sankara the Demigod Wanderer began the quest for the Orb.
     0 | D:1      | sankara set off with: a +2 spear, Sif Muna's Compendium of Venom, a potion of lignification, a +0 robe, a bread ration
     0 | D:1      | Reached XP level 1. HP: 18/18 MP: 3/3
     0 | D:1      | Identified Sif Muna's Compendium of Venom
    15 | D:1      | Reached skill level 3 in Fighting
   175 | D:1      | Reached XP level 2. HP: 26/26 MP: 4/4
   473 | D:1      | Reached XP level 3. HP: 25/33 MP: 5/5
   753 | D:1      | Reached skill level 4 in Fighting
   995 | D:2      | Found a burning altar of Makhleb.
  1023 | D:2      | Found a sparkling altar of Nemelex Xobeh.
  1053 | D:2      | Noticed Jessica
  1064 | D:2      | Killed Jessica
  1249 | D:2      | Reached XP level 4. HP: 34/41 MP: 6/6
  1955 | D:3      | Noticed dscm's ghost (weakling MiFi)
  1972 | D:3      | Reached skill level 5 in Fighting
  2484 | D:3      | Mangled by dscm's ghost

Skill      XL: |  1  2  3  4 |
---------------+-------------+-----
Fighting       | 3 4 5 |  5.0
Throwing       | |  1.0
Armour         | |  1.7
Stealth        | |  1.0
Summonings     | |  1.0
Transmutations | |  1.7

Action                   |  1- 3 |  4- 6 || total
-------------------------+-------+-------++-------
Melee: Spear             |   114 |   197 ||   311
 Fire: Blowgun           |       |    11 ||    11
 Stab: Sleeping          |     5 |     1 ||     6
  Eat: Chunk             |     1 |     3 ||     4
       Fruit             |       |     1 ||     1
Armor: Robe              |    16 |    21 ||    37
Dodge: Dodged            |    54 |    46 ||   100
Block: Buckler           |       |     9 ||     9
